 Dungeon Crawl Stone Soup version 0.29.1-15-g9cfb28693d (webtiles) character file.

Game seed: 4982207352397854018

131 PhantomBowie the Shooter (level 5, -1/32 HPs)
             Began as a Kobold Hunter on Mar 7, 2023.
             Succumbed to Robin's poison
             ... on level 3 of the Dungeon.
             The game lasted 00:11:42 (2297 turns).

PhantomBowie the Shooter (Kobold Hunter)            Turns: 2297, Time: 00:11:42

Health: -1/32      AC:  7    Str:  6 (8)  XL:     5   Next: 37%
Magic:  5/5        EV:  9    Int:  9 (11) God:
Gold:   127        SH:  0    Dex: 17 (20) Spells: 4/4 levels left

rFire   . . .      SeeInvis .   a - +0 shortbow
rCold   + . .      Faith    .   (shield currently unavailable)
rNeg    . . .      Spirit   .   q - +0 scale mail
rPois   .          Reflect  .   (no helmet)
rElec   .          Harm     .   o - +0 cloak
rCorr   .          Rampage  .   (no gloves)
Will    .....                   (no boots)
Stlth   ++........              j - amulet of regeneration
HPRegen 0.90/turn               i - ring of protection from cold
MPRegen 0.09/turn               (no ring)

@: lethally poisoned (-1 -> -7), hasted, very quick
A: small, no large weapons, nightstalker 3
a: no special abilities


You were on level 3 of the Dungeon.
You visited 1 branch of the dungeon, and saw 3 of its levels.

You collected 127 gold pieces.

Inventory:

Hand Weapons
 a - a +0 shortbow (weapon)
 e - a +0 dagger of freezing
Armour
 c - a +0 leather armour
 o - a +0 cloak (worn)
 q - a +0 scale mail (worn)
Jewellery
 i - a ring of protection from cold (left hand)
 j - an amulet of regeneration (around neck)
Scrolls
 b - a scroll of immolation
 f - a scroll of identify {unknown}
 g - a scroll of fear {unknown}
Potions
 d - a potion of brilliance {unknown}
 h - a potion of attraction {unknown}
 k - a potion of lignification {unknown}
 l - a potion of curing {unknown}
 m - a potion of haste
 n - 2 potions of magic
 p - a potion of ambrosia {unknown}


   Skills:
 + Level 3.4 Fighting
 + Level 6.1 Ranged Weapons
 + Level 3.7 Dodging
 + Level 3.6 Stealth


You had 4 spell levels left.
You didn't know any spells.
Your spell library contained the following spells:

 Spells                   Type           Power      Damage    Failure   Level
 Ensorcelled Hibernation  Hex/Ice        0%         N/A       100%        2
 Spider Form              Tmut/Pois      0%         N/A       100%        3
 Anguish                  Hex/Necr       0%         N/A       100%        4


Dungeon Overview and Level Annotations

Branches:
Dungeon (3/15)

Altars:

Shops:
D:1 ?


Innate Abilities, Weirdness & Mutations

You are small and have problems with some larger weapons.
You are completely attuned to the shadows.


Message History

Fire: a) +0 shortbow
Press: ? - help, Q - select action Shift-Dir - straight line, f/p - Robin
Aim: Robin, wielding a +4 spear of venom, wearing a +0 animal skin and wearing a +0 helmet (heavily wounded, 72% to hit)
You shoot an arrow. The arrow barely misses Robin.
You feel sick. Robin completely misses you. Robin closely misses you.
Fire: a) +0 shortbow
Press: ? - help, Q - select action Shift-Dir - straight line, f/p - Robin
Aim: Robin, wielding a +4 spear of venom, wearing a +0 animal skin and wearing a +0 helmet (heavily wounded, 72% to hit)
You shoot an arrow. The arrow hits Robin.
Robin is severely wounded.
You feel sick. Robin hits you but does no damage.
You are more poisoned.
Fire: a) +0 shortbow
Press: ? - help, Q - select action Shift-Dir - straight line, f/p - Robin
Aim: Robin, wielding a +4 spear of venom, wearing a +0 animal skin and wearing a +0 helmet (severely wounded, 72% to hit)
You shoot an arrow.
The arrow hits Robin but does no damage.
Robin is severely wounded.
You feel very sick.
Robin hits you from afar with a +4 spear of venom.
You are more poisoned.
Robin hits you from afar with a +4 spear of venom!
You are lethally poisoned!
Fire: a) +0 shortbow
Press: ? - help, Q - select action Shift-Dir - straight line, f/p - Robin
Aim: Robin, wielding a +4 spear of venom, wearing a +0 animal skin and wearing a +0 helmet (severely wounded, 72% to hit)
You shoot an arrow. The arrow hits Robin.
You kill Robin!
* * * LOW HITPOINT WARNING * * *
You feel extremely sick.
It was a potion of magic.
Magic courses through your body.
* * * LOW HITPOINT WARNING * * *
You feel very sick.
It was a potion of haste.
You feel yourself speed up.
* * * LOW HITPOINT WARNING * * *
You feel very sick.
It was a potion of degeneration.
There was something very wrong with that liquid.
You feel weakened.
You feel dopey.
You feel clumsy.
You die...

##################
#.................
#@################ #)#
#)# #.##### ########
## #...... #<...†..
.###############......
########
.'............†.......
.###############......
.# #......


There were no monsters in sight!

Vanquished Creatures
  2 orc wizards (D:3)
  Robin (D:3)
  A worm (D:2)
  2 orcs (D:3)
  6 ball pythons
  3 bats
  2 endoplasms
  2 giant cockroaches
  17 goblins
  6 hobgoblins
  4 jackals (D:1)
  2 quokkas
  A frilled lizard (D:1)
  7 kobolds
  3 rats
59 creatures vanquished.

Vanquished Creatures (others)
  7 plants (D:1)
7 creatures vanquished.

Grand Total: 66 creatures vanquished

Notes
Turn   | Place    | Note
-------+----------+-------------------------------------------
     0 | D:1      | PhantomBowie the Kobold Hunter began the quest for the Orb.
     0 | D:1      | Reached XP level 1. HP: 12/12 MP: 1/1
   165 | D:1      | Reached XP level 2. HP: 14/18 MP: 2/2
   475 | D:1      | Reached XP level 3. HP: 21/22 MP: 3/3
   515 | D:1      | Found a faded altar of an unknown god.
   643 | D:1      | Found Bauweddi's Magic Scroll Emporium.
  2181 | D:3      | Reached XP level 4. HP: 27/27 MP: 4/4
  2221 | D:3      | Noticed Robin
  2237 | D:3      | Reached skill level 6 in Ranged Weapons
  2237 | D:3      | Reached XP level 5. HP: 28/32 MP: 5/5
  2294 | D:3      | Killed Robin
  2296 | D:3      | HP: 1/32 [poisoned by Robin]
  2297 | D:3      | Succumbed to Robin's poison

Illustrated notes

Levels and vault maps discovered:
D:1:      roderic_crop_circles_arrival_small, layout_basic,
          shapermc_ecumenical_altar_ellora, serial_shops, nicolae_shop_stone,
          minmay_3d_cube
D:2:      layout_basic
D:3:      layout_basic, uniq_sigmund, uniq_robin

Skill      XL: |  1  2  3  4 |
---------------+-------------+-----
Stealth        | 2 3 |  3.6
Dodging        | 3 |  3.7
Fighting       | 3 |  3.4
Ranged Weapons | 6 |  6.1

Action                   |  1- 3 |  4- 6 || total
-------------------------+-------+-------++-------
 Fire: Shortbow          |   107 |    67 ||   174
  Use: Potion            |       |     3 ||     3
Armor: Leather armour    |    13 |       ||    13
       Scale mail        |     1 |    61 ||    62
Dodge: Dodged            |    51 |    73 ||   124
